 Dungeon Crawl Stone Soup version 0.29.0-5-ge4962eb29e (webtiles) character file.

Game seed: 9522765867742736969

95 gelatine the Vexing (level 4, -11/32 HPs)
             Began as a Demonspawn Arcane Marksman on Aug 28, 2022.
             Mangled by an ogre
             ... wielding a +0 giant spiked club
              (25 damage)
             ... on level 3 of the Dungeon.
             The game lasted 00:07:13 (2198 turns).

gelatine the Vexing (Demonspawn Arcane Marksman)    Turns: 2198, Time: 00:07:14

Health: -11/32     AC:  4    Str: 11    XL:     4   Next: 39%
Magic:  4/6        EV: 17    Int: 16    God:
Gold:   116        SH:  0    Dex: 13    Spells: 4/5 levels left

rFire   . . .      SeeInvis .   a - +1 sling (flame)
rCold   . . .      Faith    .   (no shield)
rNeg    . . .      Spirit   .   c - +0 robe
rPois   .          Reflect  .   (no helmet)
rElec   .          Harm     .   (no cloak)
rCorr   .          Rampage  .   (no gloves)
Will    .....                   (no boots)
Stlth   +.........              (no amulet)
HPRegen 0.10/turn               (no ring)
MPRegen 0.10/turn               (no ring)

@: agile, very slightly contaminated
A: thin metallic scales 1, powered by pain 1
a: no special abilities


You were on level 3 of the Dungeon.
You visited 1 branch of the dungeon, and saw 3 of its levels.

You collected 116 gold pieces.

Inventory:

Hand Weapons
 a - a +1 sling of flaming (weapon)
 d - a +0 dagger
 g - a +2 short sword of venom
 i - a +4 vampiric short sword
Missiles
 f - 3 silver javelins
 k - 22 poisoned darts
Armour
 c - a +0 robe (worn)
 e - a +0 leather armour
Scrolls
 b - a scroll of poison
 n - a scroll of fear
Potions
 h - a potion of attraction
 j - 2 potions of curing {unknown}
 p - a potion of haste {unknown}
 r - a potion of cancellation {unknown}


   Skills:
 + Level 1.5 Fighting
 + Level 3.3 Ranged Weapons
 + Level 2.1 Dodging
 + Level 0.1 Stealth
 + Level 1.3 Spellcasting
 + Level 3.4 Hexes


You had 4 spell levels left.
You knew the following spells:

 Your Spells              Type           Power      Damage    Failure   Level
a - Slow                  Hex            48%        N/A       5%          1

Your spell library contained the following spells:

 Spells                   Type           Power      Damage    Failure   Level
 Foxfire                  Conj/Fire      4%         2x1d4     22%         1
 Freeze                   Ice            4%         1d3       22%         1
 Sublimation of Blood     Necr           1%         N/A       32%         2
 Inner Flame              Hex/Fire       6%         N/A       32%         3
 Portal Projectile        Hex/Tloc       12%        N/A       32%         3
 Cause Fear               Hex            6%         N/A       47%         4
 Conjure Flame            Conj/Fire      1%         6-21      54%         3
 Frozen Ramparts          Ice            2%         1d1       54%         3
 Flame Wave               Conj/Fire      1%         2d4       91%         4
 Hailstorm                Conj/Ice       1%         3d3       91%         4


Dungeon Overview and Level Annotations

Branches:
Dungeon (3/15)

Altars:
Gozag


Innate Abilities, Weirdness & Mutations

You are partially covered in thin metallic scales. (AC +2)
You sometimes gain a little power by taking damage.


Message History

Confirm with . or Enter, or press ? or * to list all spells.
Aiming: Slow (safe; 5% risk of failure)
Press: ? - help, Shift-Dir - straight line, f/p - ogre
Aim: an ogre, wielding a +0 giant spiked club (chance to affect: 50%)
The ogre seems to slow down.
Casting: Slow (safe; 5% risk of failure)
Confirm with . or Enter, or press ? or * to list all spells.
Aiming: Slow (safe; 5% risk of failure)
Press: ? - help, Shift-Dir - straight line, f/p - ogre
Aim: an ogre, wielding a +0 giant spiked club (slow, chance to affect: 50%)
The ogre resists with significant effort.
You shoot a sling bullet.
The sling bullet barely misses the ogre.
You shoot a sling bullet. The sling bullet hits the ogre.
The sling bullet burns the ogre.
The ogre is lightly wounded.
You shoot a sling bullet. The sling bullet hits the ogre!
The sling bullet burns the ogre.
The ogre is heavily wounded.
The ogre is no longer moving slowly.
You shoot a sling bullet.
The sling bullet hits the ogre but does no damage.
The ogre is heavily wounded.
You see here a +0 long sword.
The ogre attacks as you move away!
The ogre hits you with a +0 giant spiked club!!
Ouch! That really hurt!
You focus on the pain.
You feel agile all of a sudden.
Casting: Slow (safe; 5% risk of failure)
Confirm with . or Enter, or press ? or * to list all spells.
Aiming: Slow (safe; 5% risk of failure)
Press: ? - help, Shift-Dir - straight line, f/p - ogre
Aim: an ogre, wielding a +0 giant spiked club (heavily wounded, chance to affect: 50%)
You miscast Slow.
You are very lightly contaminated with residual magic.
Nothing appears to happen.
The ogre hits you with a +0 giant spiked club!!
Ouch! That really hurt!
You die...

##...### ###...##
*#**** ###..###
,...,* ##...##
,....###########..#
.≈≈≈≈≈≈≈≈.........#
.≈.......≈≈≈≈≈≈≈..#
.≈.######......≈O##
#≈.#.....#####.≈@#
#≈.#.≈≈≈≈....#.≈.#
#≈.#.≈...≈≈≈.#^≈.#
#≈.#.≈.##._≈.#.≈.#
#≈.#.≈.#...≈.#.≈.#
#.#.≈)#...≈.#.≈.##
#.#.≈.#_.≈≈.#.≈.#
#.#.≈.###...#.≈.#
..#.≈....####.≈.#


You could see an ogre.

Vanquished Creatures
  Jessica (D:2)
  A gnoll (D:1)
  3 dart slugs
  An orc (D:3)
  3 ball pythons (D:1)
  6 endoplasms
  2 giant cockroaches
  5 goblins
  5 hobgoblins
  2 jackals (D:1)
  3 quokkas (D:2)
  3 bats
  3 frilled lizards
  6 kobolds
  5 rats
49 creatures vanquished.

Vanquished Creatures (others)
  10 plants (D:2)
10 creatures vanquished.

Grand Total: 59 creatures vanquished

Notes
Turn   | Place    | Note
-------+----------+-------------------------------------------
     0 | D:1      | gelatine the Demonspawn Arcane Marksman began the quest for
                  | the Orb.
     0 | D:1      | Reached XP level 1. HP: 15/15 MP: 2/2
   152 | D:1      | Gained mutation: You sometimes gain a little power by
                  | taking damage. [demonic ancestry]
   152 | D:1      | Reached XP level 2. HP: 18/21 MP: 3/3
   487 | D:1      | Reached XP level 3. HP: 26/26 MP: 4/4
  1034 | D:2      | Found a faded altar of an unknown god.
  1205 | D:2      | Noticed Jessica
  1218 | D:2      | Killed Jessica
  1219 | D:2      | Gained mutation: You are partially covered in thin metallic
                  | scales. (AC +2) [demonic ancestry]
  1219 | D:2      | Reached XP level 4. HP: 24/32 MP: 1/5
  1525 | D:2      | Got Jessica's Spellbook of Exhumation
  2127 | D:3      | Found an opulent altar of Gozag.
  2172 | D:3      | Noticed an ogre
  2198 | D:3      | Mangled by an ogre

Illustrated notes

Levels and vault maps discovered:
D:1:      beargit_arrival_greenhouse, layout_rooms
D:2:      layout_basic, hellmonk_ecumenical_altar_pennies_from_heaven,
          serial_bayou, serial_bayou_shore_a, serial_bayou_pond_d,
          serial_bayou_pond_a, serial_bayou_pond_a, serial_bayou_pond_a,
          kennysheep_jessica_study
D:3:      layout_basic, nicolae_overflow_hidden_temple,
          nicolae_overflow_squiral, minmay_crystal_water

Skill      XL: |  1  2  3 |
---------------+----------+-----
Ranged Weapons | 2 3 |  3.3
Dodging        | 2 |  2.1
Fighting       | |  1.5
Stealth        | |  0.1
Spellcasting   | |  1.3
Hexes          | |  3.4

Action                   |  1- 3 |  4- 6 || total
-------------------------+-------+-------++-------
 Fire: Sling             |    97 |    48 ||   145
 Cast: Slow              |    15 |    13 ||    28
  Use: Scroll            |       |     6 ||     6
Armor: Robe              |     6 |     5 ||    11
Dodge: Dodged            |    25 |     8 ||    33
